 Dungeon Crawl Stone Soup version 0.28.0-53-g5a82cb258f (webtiles) character file.

Game seed: 18164396727807186940

69 Infinimo the Magician (level 4, 0/32 HPs)
             Began as a Djinni Fire Elementalist on May 26, 2022.
             Slain by an orc
             ... wielding a +0 dagger
              (3 damage)
             ... on level 4 of the Dungeon.
             The game lasted 00:02:24 (3266 turns).

Infinimo the Magician (Djinni Fire Elementalist)    Turns: 3266, Time: 00:02:26

Health: 0/32       AC:  3    Str:  7    XL:     4   Next: 42%
Gold:   107        EV: 12    Int: 19    God:
                   SH:  0    Dex: 13

rFire   + + .      SeeInvis .   (no weapon)
rCold   x . .      Faith    .   i - orb {light}
rNeg    . . .      Spirit   .   a - +1 robe
rPois   ∞          Reflect  .   (no helmet)
rElec   .          Harm     .   (no cloak)
rCorr   .          Rampage  .   (no gloves)
Will    .....                   (boots unavailable)
Stlth   +.........              (no amulet)
HPRegen 0.10/turn               (no ring)
MPRegen 0.00/turn               (no ring)

@: flying, glowing
A: sickness immunity, fire resistance 2, cold vulnerability 1, float, innate
caster, HP casting, extra vitality 1
a: no special abilities


You were on level 4 of the Dungeon.
You visited 1 branch of the dungeon, and saw 4 of its levels.

You collected 107 gold pieces.

Inventory:

Armour
 a - a +1 robe (worn)
 i - an orb of light (worn)
Jewellery
 d - an amulet of the acrobat
Scrolls
 b - a scroll of noise
 e - 2 scrolls of identify {unknown}
Potions
 c - a potion of ambrosia {unknown}
 f - 4 potions of curing {unknown}
 h - a potion of degeneration {unknown}


   Skills:
 + Level 1.5 Fighting
 + Level 3.0 Dodging
 - Level 1.5 Stealth
 * Level 3.2 Spellcasting


You couldn't memorise any spells.
You knew the following spells:

 Your Spells              Type           Power      Damage    Failure   Level
a - Foxfire               Conj/Fire      60%        2x1d7     4%          1
b - Scorch                Fire           30%        2d7       6%          2
c - Conjure Flame         Conj/Fire      15%        6-21      12%         3
d - Inner Flame           Hex/Fire       15%        N/A       12%         3
e - Flame Wave            Conj/Fire      15%        2d6       36%         4
f - Magic Dart            Conj           60%        1d6       4%          1
Your spell library was empty.

Dungeon Overview and Level Annotations

Branches:
Dungeon (4/15)
 Temple: D:4-7

Altars:
Fedhas

Shops:
D:1 :


Innate Abilities, Weirdness & Mutations

You are immune to sickness and miasma.
You are immune to poison.
Your flesh is very heat resistant. (rF++)
You are vulnerable to cold. (rC-)
You float through the air rather than walking.
You learn spells naturally, not from books.
Your magical power is your life essence.
You have superior vitality. (+4 MHP)


Message History

You conjure some foxfire!
The orc hits you with a +0 hand axe.
The orc hits your foxfire with a +0 hand axe.
The foxfire hits the orc!
You kill the orc!
The foxfire hits the orc.
The orc is moderately wounded.
Casting: Foxfire (safe; 4% risk of failure)
Confirm with . or Enter, or press ? or * to list all spells.
You conjure some foxfire!
The orc hits you with a +0 hand axe. The orc hits you but does no damage.
The foxfire hits the orc but does no damage.
The foxfire hits the orc.
The orc is almost dead.
The orc hits you with a +0 hand axe. The orc hits you with a +0 short sword.
Casting: Foxfire (safe; 4% risk of failure)
Confirm with . or Enter, or press ? or * to list all spells.
You conjure some foxfire!
The orc closely misses you. The orc completely misses you.
The orc closely misses you.
The foxfire hits the orc but does no damage.
The orc is almost dead.
The foxfire hits the orc but does no damage.
The orc is almost dead.
The orc hits you but does no damage. The orc hits you with a +0 short sword.
* * * LOW HITPOINT WARNING * * *
Casting: Foxfire (safe; 4% risk of failure)
Confirm with . or Enter, or press ? or * to list all spells.
You conjure some foxfire!
* * * LOW HITPOINT WARNING * * *
The orc barely misses you. The orc closely misses you.
The orc hits you with a +0 short sword.
* * * LOW HITPOINT WARNING * * *
The orc closely misses you.
The foxfire hits the orc.
The orc is lightly wounded.
The foxfire hits the orc.
The orc is heavily wounded.
The orc barely misses you. The orc hits you with a +0 short sword.
* * * LOW HITPOINT WARNING * * *
The orc misses you. The orc hits you with a +0 dagger.
You die...

...# ...#
...# ...#
...# ...#
###.####o..##
#......@o...#
+......oo...+
#........$..#
#...........#
#...........#
###+##.##..##
#. ### ..


You could see 4 orcs.

Vanquished Creatures
  An adder (D:2)
  A worm (D:2)
  2 orcs
  5 endoplasms
  2 giant cockroaches
  7 goblins
  6 hobgoblins
  9 kobolds
  3 quokkas
  2 ball pythons
  4 bats
  3 frilled lizards
  3 rats
48 creatures vanquished.

Vanquished Creatures (others)
  202 foxfires
202 creatures vanquished.

Grand Total: 250 creatures vanquished

Notes
Turn   | Place    | Note
-------+----------+-------------------------------------------
     0 | D:1      | Infinimo the Djinni Fire Elementalist began the quest for
                  | the Orb.
     0 | D:1      | Reached XP level 1. HP: 15/15 MP: 0/0
   239 | D:1      | Reached XP level 2. HP: 21/22 MP: 0/0
   508 | D:1      | Found Mauskul's Book Shop.
   764 | D:1      | Reached XP level 3. HP: 20/26 MP: 0/0
   764 | D:1      | Learned a level 1 spell: Magic Dart
   877 | D:1      | Reached skill level 1 in Fighting
  1281 | D:2      | Found a faded altar of an unknown god.
  2039 | D:3      | Reached XP level 4. HP: 30/32 MP: 0/0
  2355 | D:3      | Found a blossoming altar of Fedhas.
  3266 | D:4      | Slain by an orc

Illustrated notes

Levels and vault maps discovered:
D:1:      ebering_trefoil_3fold, layout_rooms, serial_shops, shop,
          skrybe_limestone_x
D:2:      layout_basic, basic_ecumenical_altar, glass_columns_a
D:3:      layout_loops_corners, lemuel_doored_altar, minmay_misc_feat_plants,
          nicolae_concentric_dashed_squares_wild, st_stairs_9,
          kennysheep_generic_room_14
D:4:      layout_gridville, minmay_temple_entry_fiery

Skill      XL: |  1  2  3  4 |
---------------+-------------+-----
Fighting       | 1 |  1.5
Spellcasting   | 3 |  3.2
Dodging        | 3 |  3.0
Stealth        | |  1.5

Action                   |  1- 3 |  4- 6 || total
-------------------------+-------+-------++-------
 Cast: Foxfire           |    76 |    47 ||   123
  Use: Scroll            |     5 |       ||     5
Armor: Robe              |     4 |     3 ||     7
Dodge: Dodged            |     6 |     9 ||    15
